 Dungeon Crawl Stone Soup version 0.14.0-15-g6b16f67 (webtiles) character file.

360 sprout the Skirmisher (level 5, 0/47 HPs)
             Began as a Minotaur Chaos Knight on Apr 17, 2014.
             Was a Plaything of Xom.
             Slain by a gnoll
             ... wielding a +0,+0 club
              (5 damage)
             ... on Level 3 of the Dungeon.
             The game lasted 00:10:46 (2942 turns).

sprout the Skirmisher (Minotaur Chaos Knight)       Turns: 2942, Time: 00:10:46

HP   0/47        AC  5     Str 16      XL: 5   Next: 55%
MP   2/2         EV 12     Int  9      God: Xom
Gold 151         SH  0     Dex 11      Spells:  0 memorised,  4 levels left

rFire  . . .     SeeInvis .     a - +0 falchion (chaos)
rCold  . . .     Clarity  .     b - +2 leather armour
rNeg   . . .     Conserve .     (no shield)
rPois  .         rCorr    .     (helmet restricted)
rElec  .         rRot     .     (no cloak)
SustAb . .       Spirit   .     (no gloves)
rMut   .         Warding  .     (no boots)
Saprov . . .     Stasis   .     (no amulet)
MR     .....                    (no ring)
                                (no ring)

@: not resistant to hostile enchantments, unstealthy
A: retaliatory headbutt, horns 2
a: Renounce Religion


You were on level 3 of the Dungeon.
You worshipped Xom.
You were a plaything of Xom.
You were not hungry.

You visited 1 branch of the dungeon, and saw 4 of its levels.
You also visited: Sewer.

You collected 151 gold pieces.

Inventory:

Hand weapons
 a - a +0,+0 falchion of chaos (weapon)
Armour
 b - a +2 leather armour (worn)
 n - a +0 cloak of preservation
Magical devices
 r - a wand of frost (7) {unknown}
 x - a wand of magic darts (8) {unknown}
Comestibles
 c - a bread ration
 d - 2 meat rations
 h - a slice of pizza
 z - 11 grapes
Scrolls
 j - a scroll of blinking {unknown}
 l - 3 scrolls of identify {unknown}
 m - a scroll of immolation {unknown}
 o - 2 scrolls of enchant weapon II {unknown}
 q - a scroll of magic mapping {unknown}
 u - a scroll of fog {unknown}
 y - a scroll of recharging {unknown}
 C - a scroll of enchant armour {unknown}
Potions
 e - a potion of cure mutation {unknown}
 f - a potion of lignification {unknown}
 g - 3 potions of curing {unknown}
 i - 2 potions of restore abilities {unknown}
 k - a potion of paralysis {unknown}
 s - 2 potions of magic {unknown}
 t - 2 potions of haste {unknown}
 v - 2 potions of heal wounds {unknown}
 w - a potion of might {unknown}
 A - a potion of berserk rage {unknown}
 B - a potion of flight {unknown}


   Skills:
 + Level 4.9 Fighting
 + Level 4.8 Long Blades
 + Level 3.4 Armour
 + Level 3.5 Dodging
 + Level 0.6 Stealth


You had 4 spell levels left.
You didn't know any spells.

Dungeon Overview and Level Annotations

Branches:
Dungeon (4/15)
 Temple: D:4-7

Altars:
Ashenzari


Innate Abilities, Weirdness & Mutations

You reflexively headbutt those who attack you in melee.
You have a pair of horns on your head.


Message History

You headbutt the gnoll, but do no damage.
The gnoll is almost dead.
The gnoll hits you but does no damage. The gnoll misses you.
You hit the gnoll.
You kill the gnoll!
The gnoll hits you with a club! The gnoll barely misses you.
The gnoll hits you from afar with a spear.
There is a stone staircase leading up here.
The gnoll hits you with a club.
* * * LOW HITPOINT WARNING * * *
The gnoll hits you from afar with a spear!
* * * LOW HITPOINT WARNING * * *
You climb upwards.
There is a stone staircase leading down here.
You hit the gnoll.
The gnoll flickers and vanishes!
Deactivating autopickup; reactivate with Ctrl-A.
Xom is highly amused!
Your headbutt misses something. Something hits you.
You die... "Boring in life, boring in death..."

...........##.###...##...........
...........##.###...##...........
...........##'##....##...........
....................##.....#+###.
..##..........<..............# #.
..+..........................# #.
..##.........[...........#.#####.
..########.........###+##._......
.........'.....{@........#.#.....
##########.........###.##.#####..
...................###.##.# #..
........................#.# #..
...........##...........#.#####..
........#####...........#........
........#...#...........#........
........#...#...#................
........#.......#................


There were no monsters in sight!

Vanquished Creatures
  A big fish (Sewer)
  3 green rats
  2 gnolls (D:4)
  4 adders
  2 giant mites (D:3)
  A worm (D:3)
  An ooze (D:1)
  4 orcs (D:3)
  5 ball pythons
  6 giant cockroaches
  6 goblins
  11 hobgoblins
  7 jackals
  4 kobolds
  8 bats
  A giant gecko (D:1)
  9 giant newts
  9 rats
84 creatures vanquished.

Vanquished Creatures (collateral kills)
  A quokka (D:2)
  A giant newt (D:2)
2 creatures vanquished.

Vanquished Creatures (others)
  A bat zombie (D:2)
1 creature vanquished.

Grand Total: 87 creatures vanquished

Notes
Turn   | Place    | Note
--------------------------------------------------------------
     0 | D:1      | sprout, the Minotaur Chaos Knight, began the quest for the Orb.
     0 | D:1      | Reached XP level 1. HP: 19/19 MP: 1/1
   170 | D:1      | Reached skill level 4 in Fighting
   214 | D:1      | Reached XP level 2. HP: 27/27 MP: 1/1
   222 | D:1      | XOM: cast spell 'Dispersal'
   523 | D:1      | XOM: harmless Erth miscast
   776 | D:2      | XOM: potion effect (haste)
   783 | D:2      | Reached XP level 3. HP: 24/34 MP: 2/2
   850 | D:2      | XOM: harmless Pois miscast
   898 | D:2      | XOM: silly message
  1454 | D:2      | XOM: harmless Fire miscast
  1584 | D:3      | Found a shattered altar of Ashenzari.
  1669 | D:3      | Reached XP level 4. HP: 36/41 MP: 2/2
  1695 | D:3      | Found a glowing drain.
  1707 | Sewer    | Entered a sewer
  2084 | Sewer    | Reached XP level 5. HP: 45/47 MP: 2/2
  2560 | D:3      | XOM: harmless Summ miscast
  2884 | D:3      | XOM: scenery: 2 doors open, 1 doors close
  2942 | D:3      | Slain by a gnoll

Action                   |  1- 3 |  4- 6 || total
-------------------------+-------+-------++-------
Melee: Falchion          |    98 |   103 ||   201
